 Dungeon Crawl Stone Soup version 0.32-a0-928-g1cae6b7ea0 (webtiles) character file.

Game seed: 6316370408805199012

1740 Maxmaps the Mimic (level 9, -24/62 HPs)
             Began as an Octopode Monk on Apr 13, 2024.
             Killed from afar by a steam dragon (26 damage)
             ... with a ball of steam
             ... on level 6 of the Dungeon.
             The game lasted 00:06:50 (6283 turns).

Maxmaps the Mimic (Octopode Monk)                   Turns: 6283, Time: 00:06:50

Health: -24/62     AC:  1    Str: 10    XL:     9   Next: 5%
Magic:  0/9        EV: 13    Int: 17    God:
Gold:   493        SH:  0    Dex: 14    Spells: 8/8 levels left

rFire   . .          .
                       - Unarmed
rCold   . . .        (no shield)
rNeg    . . .        (helmet currently unavailable)
rPois   +            m - amulet of guardian spirit
rElec   .            e - ring of poison resistance
rCorr   .            (no ring)
SInv    .            (no ring)
Will    .....        (no ring)
Stlth   ++++         (no ring)
HPRegen 0.30/turn    (no ring)
MPRegen 0.11/turn    (no ring)
                     (no ring)

%: guardian spirit
@: beast-form
A: beast (slay +4), almost no armour, amphibious, 8 rings, camouflage 1,
gelatinous body 1, (nimble swimmer 1), tentacles
a: Begin Untransformation


You were on level 6 of the Dungeon.
You were a hulking beast.
You visited 2 branches of the dungeon, and saw 7 of its levels.
You also visited: Ossuary.

You collected 493 gold pieces.

Inventory:

Missiles
 r - 2 throwing nets (quivered)
Armour
 b - an orb of light
Jewellery
 e - a ring of poison resistance (left tentacle)
 m - an amulet of guardian spirit (around mantle)
Talismans
 g - a beast talisman (active)
Scrolls
 d - 2 scrolls of teleportation
 h - a scroll of fog
 k - a scroll of revelation
 n - a scroll of torment {unknown}
 q - 2 scrolls of identify
 t - a scroll of immolation
Potions
 a - 2 potions of ambrosia
 c - a potion of mutation
 f - 4 potions of attraction
 i - 5 potions of curing
 j - 4 potions of haste
 l - 2 potions of heal wounds
 o - a potion of resistance {unknown}
 p - 3 potions of enlightenment
 s - a potion of invisibility {unknown}


   Skills:
 - Level 6.1 Fighting
 + Level 3.6 Dodging
 - Level 5.6 Stealth
 - Level 3.0 Unarmed Combat
 - Level 8.0 Shapeshifting


You had 8 spell levels left.
You didn't know any spells.
Your spell library contained the following spells:

 Spells                   Type           Power      Damage    Failure   Level
 Magic Dart               Conj           0%         1d3       24%         1
 Sandblast                Erth           0%         2d4       24%         1
 Blink                    Tloc           0%         N/A       34%         2
 Call Imp                 Summ           0%         N/A       34%         2
 Lesser Beckoning         Tloc           0%         N/A       34%         2
 Momentum Strike          Conj/Tloc      0%         3d8       34%         2
 Sigil of Binding         Hex            0%         N/A       56%         3
 Stone Arrow              Conj/Erth      0%         3d7       56%         3
 Brom's Barrelling Bould  Conj/Erth      0%         2d3       93%         4
 Death Channel            Necr           0%         N/A       100%        6
 Sculpt Simulacrum        Ice/Alch       0%         N/A       100%        6


Dungeon Overview and Level Annotations

Branches:
Dungeon (6/15)             Temple (1/1) D:4         Ossuary (visited)

Altars:
Elyvilon
Fedhas
Makhleb
Qazlal
Sif Muna
Trog
Uskayaw
Wu Jian
Zin

Shops:
D:4 =   D:5 ??*(!


Innate Abilities, Weirdness & Mutations

You are a hulking beast.
Your limbs bulge with bestial killing power. (Slay +4)
You cannot wear most types of armour.
You are amphibious.
You can wear up to eight rings at the same time.
Your skin changes colour to match your surroundings (Stealth+).
Your rubbery body absorbs attacks. (AC +1, EV +1)
((You are camouflaged when in or above water. (Stealth+)))
You have tentacles for arms and can constrict up to eight enemies at once.


Message History

You now have 493 gold pieces (gained 8).
There is a stone staircase leading up here.
i - 5 potions of curing (gained 1)
Found a stone staircase leading down.
There is a stone staircase leading down here.
Key pressed, stopping explore.
No target in view!
Found a stone staircase leading down.
No target in view!
No target in view!
A steam dragon comes into view.
A steam dragon is nearby!
The steam dragon hisses angrily.
A steam dragon is nearby!
The steam dragon breathes steam at you. The ball of steam hits you!
You're standing in a cloud of steam!
No target in view!
No target in view!
No target in view!
No target in view!
Found a ring mail.
You are engulfed in a cloud of scalding steam.
You tentacle-slap the steam dragon but do no damage.
You are engulfed in a cloud of scalding steam.
The steam dragon breathes steam at you. The ball of steam hits you!
You tentacle-slap the steam dragon.
The steam dragon is lightly wounded.
You are engulfed in a cloud of scalding steam.
* * * LOW HITPOINT WARNING * * *
The steam dragon barely misses you. The steam dragon claws you.
* * * LOW HITPOINT WARNING * * *
You tentacle-slap the steam dragon. You squeeze the steam dragon.
The steam dragon is moderately wounded.
You are engulfed in a cloud of scalding steam.
* * * LOW HITPOINT WARNING * * *
The steam dragon breathes steam at you. The ball of steam hits you!!
You die...

[...# ...# ### ....
+.. ...# ### ...#
##.#.# #..#D# # #.##h#
#+# #. #.##§# #.#
#.>##.##§# #.#
#......§§# ##.##
#####.#### ##...## #.#
##.....#
##.########.#...######
#..........#.#........
##.########...########


You could see a steam dragon (catching breath).

Vanquished Creatures
  Grinder (D:4)
  Menkaure (D:4)
  A steam dragon (D:6)
  A black bear (D:5)
  An ice beast (D:6)
  A sky beast (D:6)
  A phantom (D:5)
  A kobold brigand (D:5)
  2 scorpions
  A bombardier beetle (D:4)
  3 jellies (D:4)
  2 sleepcaps
  An orc priest (D:5)
  Terence (D:2)
  3 iguanas (D:5)
  An orc wizard (D:2)
  8 mummies (Ossuary)
  5 gnolls
  11 adders
  8 river rats (D:5)
  A white imp (D:5)
  2 dart slugs
  2 ribbon worms
  12 orcs
  3 endoplasms
  A giant cockroach (D:4)
  6 goblins
  6 hobgoblins
  6 jackals
  6 quokkas
  A ball python (D:1)
  A bat (D:2)
  2 frilled lizards
  5 hobgoblin zombies (Ossuary)
  8 kobolds
  2 kobold zombies (Ossuary)
  An orc zombie (Ossuary)
  A quokka zombie (D:5)
  26 rats
  A rat zombie (D:5)
147 creatures vanquished.

Notes
Turn   | Place    | Note
-------+----------+-------------------------------------------
     0 | D:1      | Maxmaps the Octopode Monk began the quest for the Orb.
     0 | D:1      | Reached XP level 1. HP: 16/16 MP: 1/1
    60 | D:1      | Reached skill level 1 in Stealth
   116 | D:1      | Reached XP level 2. HP: 5/21 MP: 2/2
   431 | D:1      | Reached XP level 3. HP: 23/26 MP: 3/3
   733 | D:1      | Found a faded altar of an unknown god.
   835 | D:2      | Noticed Terence
   845 | D:2      | Killed Terence
   917 | D:2      | Reached skill level 5 in Stealth
   917 | D:2      | Reached XP level 4. HP: 17/31 MP: 4/4
  1396 | D:2      | Reached skill level 1 in Shapeshifting
  1532 | D:3      | Reached XP level 5. HP: 14/36 MP: 5/5
  1642 | D:3      | Reached skill level 2 in Shapeshifting
  2681 | D:4      | Found Piphex's Jewellery Shop.
  2690 | D:4      | HP: 1/36 [acid (7)]
  2692 | D:4      | Reached skill level 3 in Shapeshifting
  2857 | D:4      | Reached XP level 6. HP: 34/42 MP: 6/6
  2968 | D:4      | Found a staircase to the Ecumenical Temple.
  2968 | D:4      | Noticed Menkaure
  2974 | D:4      | Killed Menkaure
  2975 | D:4      | Reached skill level 4 in Shapeshifting
  2991 | Temple   | Entered the Ecumenical Temple
  3234 | D:4      | Reached skill level 5 in Shapeshifting
  3361 | D:4      | Reached XP level 7. HP: 39/46 MP: 7/7
  3613 | D:4      | Noticed Grinder
  3626 | D:4      | Killed Grinder
  3627 | D:4      | Reached skill level 6 in Shapeshifting
  3887 | D:5      | Entered Level 5 of the Dungeon
  3975 | D:5      | Found a sand-covered staircase.
  4044 | Ossuary  | Entered an ossuary
  4511 | D:5      | Reached XP level 8. HP: 52/52 MP: 8/8
  4529 | D:5      | Reached skill level 7 in Shapeshifting
  4889 | D:5      | Found a white marble altar of Elyvilon.
  4900 | D:5      | Found Lekow Rool's Distillery.
  4907 | D:5      | Reached skill level 8 in Shapeshifting
  5405 | D:5      | Found Yruttulei's Antique Weapon Boutique.
  5545 | D:5      | Found Jeagiygg's General Store.
  5574 | D:5      | Found Tiputz's Magic Scroll Shoppe.
  5706 | D:5      | Found Juiqiabu's Magic Scroll Emporium.
  5788 | D:6      | Reached skill level 5 in Fighting
  6058 | D:6      | Reached XP level 9. HP: 53/62 MP: 7/9
  6283 | D:6      | HP: 2/62 [steam dragon] (9)]
  6283 | D:6      | Killed from afar by a steam dragon

Illustrated notes

Levels and vault maps discovered:
D:1:      dpeg_arrival_simpleton_a, layout_basic, basic_ecumenical_altar,
          nicolae_grassy_gnolls
D:2:      layout_loops_ring, minmay_misc_feat_diagonals, uniq_terence
D:3:      layout_basic, nicolae_half_adder
D:4:      layout_loops_ring, minmay_temple_entry_waves, serial_shops,
          nicolae_shop_competitors_out_of_business, serial_rivers,
          chequers_serial_rivers_small_a, chequers_serial_rivers_micro_c,
          chequers_serial_rivers_small_3, chequers_serial_rivers_small_b,
          chequers_serial_rivers_micro_b, uniq_grinder, uniq_menkaure
D:5:      lemuel_ratsnest, layout_loops_cross, lemuel_doored_altar,
          serial_shops, shop, shop, shop, nicolae_shop_rolled_up,
          nicolae_shop_crystal, enter_ossuary_4, lexackson_kobold_supper
D:6:      layout_loops_corners, minitemple, minmay_holes
Temple:   pf_temple_reverse_labyrinth

Skill      XL: |  1  2  3  4  5  6  7  8 |
---------------+-------------------------+-----
Stealth        | 3 5 |  5.6
Shapeshifting  | 1 3 5 6 8 |  8.0
Fighting       | 6 |  6.1
Dodging        | |  3.6
Unarmed Combat | |  3.0

Action                     |  1- 3 |  4- 6 |  7- 9 || total
---------------------------+-------+-------+-------++-------
  Melee: Unarmed           |    27 |   105 |   184 ||   316
         Constrict         |     8 |    28 |    62 ||    98
         Tentacles         |     8 |    19 |    52 ||    79
         Punch             |     2 |     6 |    15 ||    23
    Use: Scroll            |       |       |    14 ||    14
         Potion            |       |       |     2 ||     2
   Stab: Sleeping          |     3 |     7 |     4 ||    14
         Distracted        |       |       |     2 ||     2
 Armour: Skin              |    14 |    49 |    74 ||   137
  Dodge: Dodged            |    10 |    70 |    90 ||   170
   Form: Beast             |     1 |       |       ||     1

Table legend: (Time is in decaauts)
 A = Elapsed time spent in this place.
 B = Non-inter-level travel time spent in this place.
 C = Inter-level travel time spent in this place.
 D = Time resting spent in this place.
 E = Time spent auto-exploring this place.
 F = Levels seen in this place.
 G = Mean time per level.
                   A        B        C        D        E       F      G
               +--------+--------+--------+--------+--------+-----+--------+
         Total |   6260 |   5978 |    282 |    791 |   4266 |   8 |  782.5 |
       Dungeon |   5739 |   5589 |    150 |    791 |   3983 |   6 |  956.5 |
        Temple |    201 |     69 |    132 |      0 |     68 |   1 |  201.0 |
       Ossuary |    319 |    319 |      0 |      0 |    215 |   1 |  319.0 |
               +--------+--------+--------+--------+--------+-----+--------+

Top non-repeatable levels by time:
     D:5: 1476 daAuts
     D:3: 1167 daAuts
     D:4: 1042 daAuts
     D:1: 833 daAuts
     D:2: 668 daAuts
     D:6: 550 daAuts
 Ossuary: 319 daAuts
  Temple: 201 daAuts
